 Dungeon Crawl Stone Soup version 0.23.1-37-gaa34b87b72 (webtiles) character file.

Game seed: 4910277351324419478

41 PikkenKukken the Charlatan (level 3, -4/24 HPs)
             Began as an Octopode Artificer on Mar 19, 2019.
             Slain by a gnoll
             ... wielding a cursed +0 whip
              (8 damage)
             ... on level 2 of the Dungeon.
             The game lasted 00:02:40 (974 turns).

PikkenKukken the Charlatan (Octopode Artificer)      Turns: 974, Time: 00:02:41

Health: -4/24      AC:  1    Str: 11    XL:     3   Next: 52%
Magic:  5/5        EV: 14    Int: 14    God:
Gold:   36         SH:  0    Dex: 12    Spells: 2/2 levels left

rFire    . . .     SeeInvis .   a - +0 short sword
rCold    . . .     Gourm    .   (no shield)
rNeg     . . .     Faith    .   (helmet restricted)
rPois    .         Spirit   .   (no amulet)
rElec    .         Reflect  .   (no ring)
rCorr    .         Harm     .   (no ring)
MR       .....                  (no ring)
Stlth    +++.......             (no ring)
HPRegen  0.08/turn              (no ring)
MPRegen  0.09/turn              (no ring)
                                (no ring)
                                (no ring)

@: no status effects
A: almost no armour, stealthy swim, amphibious, 8 rings, constrict 8, camouflage
1, gelatinous body 1
a: no special abilities


You were on level 2 of the Dungeon.
You were not hungry.

You visited 1 branch of the dungeon, and saw 2 of its levels.

You collected 36 gold pieces.

Inventory:

Hand Weapons
 a - a +0 short sword (weapon)
Wands
 b - a wand of flame (11)
 c - a wand of enslavement (14)
 d - a wand of random effects (15)
Potions
 e - a potion of lignification {unknown}
 h - a potion of ambrosia {unknown}
Comestibles
 f - 5 rations
 g - 5 chunks of flesh


   Skills:
 + Level 2.0 Fighting
 - Level 1.0 Short Blades
 + Level 2.7 Dodging
 + Level 3.0 Stealth
 - Level 3.2 Evocations


You had 2 spell levels left.
You didn't know any spells.
Your spell library was empty.

Dungeon Overview and Level Annotations

Branches:
Dungeon (2/15)

Altars:


Innate Abilities, Weirdness & Mutations

You cannot wear most types of armour.
You are very stealthy in the water. (Stealth+)
You are amphibious.
You can wear up to eight rings at the same time.
You can use your tentacles to constrict eight enemies at once.
Your skin changes colour to match your surroundings (Stealth+).
Your rubbery body absorbs attacks. (AC +1, EV +1)


Message History

Something hits your gnoll.
Your gnoll dies!
Evoke which item? (* to show all) (? for menu, Esc to quit)
Aiming: Throw Flame
Press: ? - help, Shift-Dir - straight line, f/p - gnoll
Aim: a gnoll, wielding a +0 whip (heavily wounded)
The puff of flame hits the gnoll.
The gnoll is almost dead.
The gnoll hits you with a cursed +0 whip.
The gnoll shouts!
You hit the gnoll but do no damage. Your grab misses the gnoll.
The gnoll is almost dead.
The gnoll hits you with a cursed +0 whip.
* * * LOW HITPOINT WARNING * * *
Unknown command.
You hit the gnoll. You grab the gnoll.
The gnoll is almost dead.
You constrict the gnoll, but do no damage.
The gnoll hits you with a cursed +0 whip!
You die...

### # #### #<# #% .).. #.# #.
#). #.# ##### #..... # #.# #...#
#.#g##.# #.# #...# #......# #.#
######...########g...#.# #.#
..).............@......># #.#
####)########............ #.#
........##.###################.#
........##.....................#
........##'#####################
........#รท..# ####'####...#
###.# #...# #...####...#


You could see 2 gnolls.

Vanquished Creatures
  An adder (D:2)
  A dart slug (D:1)
  4 giant cockroaches
  7 hobgoblins
  A jackal (D:1)
  A ball python (D:1)
  3 bats
  A frilled lizard (D:1)
  2 goblins (D:1)
  A kobold (D:1)
22 creatures vanquished.

Vanquished Creatures (collateral kills)
  A gnoll (D:2)
1 creature vanquished.

Vanquished Creatures (others)
  A gnoll (D:2)
1 creature vanquished.

Grand Total: 24 creatures vanquished

Notes
Turn   | Place    | Note
-------+----------+-------------------------------------------
     0 | D:1      | PikkenKukken the Octopode Artificer began the quest for the
                  | Orb.
     0 | D:1      | Reached XP level 1. HP: 13/13 MP: 3/3
   399 | D:1      | Reached XP level 2. HP: 18/18 MP: 4/4
   897 | D:2      | Reached XP level 3. HP: 24/24 MP: 5/5
   974 | D:2      | Slain by a gnoll

Skill      XL: |  1  2  3 |
---------------+----------+-----
Stealth        | 2 3 |  3.0
Fighting       | 2 |  2.0
Short Blades   | |  1.0
Dodging        | |  2.7
Evocations     | |  3.2

Action                   || total
-------------------------++-------
Melee: Short sword       ||    45
       Constrict         ||    11
       Tentacles         ||    10
Evoke: Wand              ||     5
 Stab: Sleeping          ||     6
       Distracted        ||     1
Armor: Skin              ||     4
Dodge: Dodged            ||    18
